 Dungeon Crawl Stone Soup version 0.31-a0-214-gb37851dbb3 (webtiles) character file.

Game seed: 4998400158308961913

361 qw the Chopper (level 6, -1/39 HPs)
             Began as a Gargoyle Fighter on July 1, 2023.
             Slain by a gnoll
             ... wielding a +0 whip
             ... led by a gnoll bouda
              (4 damage)
             ... on level 4 of the Dungeon.
             The game lasted 00:01:15 (2784 turns).

qw the Chopper (Gargoyle Fighter)                   Turns: 2784, Time: 00:01:16

Health: -1/39      AC: 13    Str: 28    XL:     6   Next: 66%
Magic:  6/6        EV:  9    Int:  8    God:
Gold:   142        SH:  9    Dex:  9    Spells: 5/5 levels left

rFire   . . .        Y - +1 war axe
rCold   . . .        c - +0 buckler
rNeg    + . .        l - +0 chain mail
rPois   inf          (no helmet)
rElec   +            (no cloak)
rCorr   .            (no gloves)
SInv    .            (no boots)
Will    .....        m - amulet of reflection Stlth
                     i - +6 ring of strength
HPRegen 0.26/turn    (no ring)
MPRegen 0.10/turn

%: reflection
@: about to teleport
A: sickness immunity, AC +4, negative energy resistance 1, electricity
resistance, torment resistance 1, petrification resistance
a: no special abilities


You were on level 4 of the Dungeon.
You visited 1 branch of the dungeon, and saw 4 of its levels.

You collected 142 gold pieces.


Innate Abilities, Weirdness & Mutations

You are immune to sickness and miasma.
Your stone body is resilient. (AC +4)
You are immune to poison.
You resist negative energy. (rN+)
You are resistant to electric shocks. (rElec)
You are resistant to unholy torment.
You are immune to petrification.


   Skills:
 - Level 4.4 Fighting
 + Level 5.1 Axes
 - Level 1.5 Throwing
 - Level 3.2 Armour
 - Level 1.0 Dodging
 - Level 3.2 Shields


You had 5 spell levels left.
You didn't know any spells.
Your spell library was empty.

Inventory:

Hand Weapons
 e - a +1 whip of draining
 g - a +0 whip
 Y - a +1 war axe (weapon)
Armour
 c - a +0 buckler (worn)
 l - a +0 chain mail (worn)
Jewellery
 i - a +6 ring of strength (left hand)
 m - an amulet of reflection (around neck)
Scrolls
 a - a scroll of identify
 n - a scroll of teleportation
Potions
 d - a potion of might
 f - a potion of haste {unknown}
 h - a potion of berserk rage {unknown}
 j - 2 potions of curing
 k - a potion of degeneration {unknown}
 o - a potion of brilliance {unknown}

Dungeon Overview and Level Annotations

Branches:
Dungeon (4/15)             Temple (0/1) D:4

Altars:
Sif Muna
Trog


Message History

You block the black bear's attack. x2; The black bear completely misses you.
The gnoll closely misses you. x2
The gnoll hits you from afar with a +0 spear.
You slash the black bear!
You kill the black bear!
You hit the gnoll but do no damage. You closely miss the gnoll.
A gnoll comes into view. It is wielding a +0 spear.
The gnoll barely misses you. You block the gnoll's attack. x2
Your Fighting skill increases to level 4!
You barely miss the gnoll. You slash the gnoll! You block the gnoll's attack.
A gnoll comes into view. It is wielding a +0 spear.
The gnoll bouda calls upon its god to heal the gnoll.
The gnoll is healed somewhat.
The gnoll hits you with a +0 whip. x2
The gnoll shouts!
You hit the gnoll.
The gnoll is heavily wounded.
You barely miss the gnoll. The gnoll hits you but does no damage.
The gnoll hits you with a +0 whip. You block the gnoll's attack.
The gnoll barely misses you.
You hit the gnoll but do no damage.
The gnoll is heavily wounded.
You hit the gnoll but do no damage. You barely miss the gnoll bouda.
You block the gnoll bouda's attack. The gnoll hits you with a +0 whip.
You block the gnoll's attack. The gnoll hits you but does no damage.
You hit the gnoll.
The gnoll is almost dead.
You hit the adder. You hit the gnoll bouda. You barely miss the gnoll.
The adder bites you but does no damage. The gnoll bouda closely misses you.
The gnoll closely misses you. You block the gnoll's attack.
The gnoll hits you from afar with a +0 spear. x2
The adder closely misses you. You block the gnoll's attack.
The gnoll hits you with a +0 whip.
2784 ||| READING 2 scrolls of teleportation.
As you read the scroll of teleportation, it crumbles to dust.
You feel strangely unstable. You block the adder's attack.
You block the gnoll's attack.
The gnoll hits you but does no damage. x2; The gnoll barely misses you.
The gnoll hits you with a +0 whip.
You die...

# .. .# ..#
######+####...##
.......%gSg.....
##.!..##@gg..#
.......¤¤


¤¤¤¤ You could see a gnoll bouda, 5 gnolls and an adder.

Vanquished Creatures
  A black bear (D:4)
  A vampire bat (D:3)
  An orc priest (D:3)
  A gnoll (D:1)
  4 adders
  A shadow imp (D:3)
  2 worms (D:3)
  A dart slug (D:2)
  3 fire bats (D:3)
  4 orcs (D:3)
  2 spectral bats (D:3)
  13 bats
  3 bat skeletons (D:3)
  A bat zombie (D:3)
  An endoplasm (D:2)
  3 giant cockroaches
  5 goblins
  3 hobgoblins
  8 kobolds
  2 quokkas
  6 ball pythons
  A bat simulacrum (D:3)
  A frilled lizard (D:2)
  5 rats
73 creatures vanquished.

Vanquished Creatures (others)
  A wizard (D:3)
1 creature vanquished.

Grand Total: 74 creatures vanquished

Notes
Turn   | Place    | Note
-------+----------+-------------------------------------------
     0 | D:1      | qw the Gargoyle Fighter began the quest for the Orb.
     0 | D:1      | Reached XP level 1. HP: 14/14 MP: 1/1
     0 | D:1      | 0 ||| qw: Version: 0.3-a-32-g5962c71
     0 | D:1      | 0 ||| qw: Game counter: 7360
     0 | D:1      | 0 ||| qw: Melee chars always use a shield: true
     0 | D:1      | 0 ||| qw: God list: Okawaru
     0 | D:1      | 0 ||| qw: Allow faded altars: false
     0 | D:1      | 0 ||| qw: Do Orc after clearing Dungeon:15 true
     0 | D:1      | 0 ||| qw: Do second Lair branch before Depths: true
     0 | D:1      | 0 ||| qw: Lair rune preference: random
     0 | D:1      | 0 ||| qw: Goals: Normal, Zot:1-4, Slime:5, God:TSO, Crypt,
                  | Tomb, Abyss, Pan, Hells, Win
     0 | D:1      | 0 ||| PLANNING D:1-11
    52 | D:1      | 52 ||| Stepping ~*~*~tactically~*~*~ (stealth).
    56 | D:1      | HP: 3/14 [gnoll/+1 whip of draining (4)]
    62 | D:1      | Reached skill level 2 in Axes
    62 | D:1      | Reached XP level 2. HP: 6/19 MP: 2/2
   277 | D:1      | 277 ||| Stepping ~*~*~tactically~*~*~ (stealth).
   342 | D:1      | Reached skill level 3 in Axes
   441 | D:1      | Reached XP level 3. HP: 23/23 MP: 3/3
   448 | D:1      | Found a faded altar of an unknown god.
   718 | D:1      | 718 ||| UPGRADING to +6 ring of strength.
   719 | D:1      | 719 ||| READING scroll labelled RECKEAKOREU.
   720 | D:1      | 720 ||| READING scroll labelled FUIJAJ BOLENTOO.
   724 | D:1      | 724 ||| READING scroll labelled GEXIYX SUFI.
   928 | D:2      | 928 ||| Stepping ~*~*~tactically~*~*~ (hiding).
   986 | D:2      | 986 ||| Stepping ~*~*~tactically~*~*~ (stealth).
   987 | D:2      | 987 ||| Stepping ~*~*~tactically~*~*~ (stealth).
   990 | D:2      | 990 ||| Stepping ~*~*~tactically~*~*~ (stealth).
  1161 | D:2      | Reached XP level 4. HP: 28/28 MP: 4/4
  1192 | D:2      | 1192 ||| Stepping ~*~*~tactically~*~*~ (hiding).
  1415 | D:2      | Identified the +0 robe of the Heavens {Dex+3}
  1495 | D:2      | 1495 ||| DROPPING ring of wizardry.
  1496 | D:2      | 1496 ||| READING scroll labelled ONNU HYPLE.
  1497 | D:2      | 1497 ||| READING scroll labelled GASTRY QOTWIC.
  1594 | D:3      | Reached skill level 4 in Axes
  1625 | D:3      | Reached XP level 5. HP: 32/32 MP: 5/5
  1715 | D:3      | Reached skill level 5 in Axes
  1828 | D:3      | Reached skill level 1 in Throwing
  1828 | D:3      | Reached XP level 6. HP: 15/37 MP: 6/6
  2111 | D:3      | Found a shimmering blue altar of Sif Muna.
  2201 | D:3      | Reached skill level 1 in Dodging
  2407 | D:3      | Found a bloodstained altar of Trog.
  2446 | D:3      | 2446 ||| Stepping ~*~*~tactically~*~*~ (hiding).
  2543 | D:3      | Noticed a wizard
  2547 | D:3      | Killed a wizard
  2658 | D:3      | 2658 ||| UPGRADING to +0 chain mail.
  2668 | D:3      | 2668 ||| DROPPING +0 scale mail.
  2669 | D:3      | 2669 ||| UPGRADING to amulet of reflection.
  2674 | D:3      | 2674 ||| READING scroll labelled RIKIWN DOALO.
  2675 | D:3      | 2675 ||| READING scroll labelled UMNUSE NORPH.
  2676 | D:3      | 2676 ||| READING scroll labelled VOPRAV PETE.
  2702 | D:3      | 2702 ||| READING scroll labelled BEOM PUOLA.
  2703 | D:3      | 2703 ||| DRINKING 3 fuming silvery potions.
  2775 | D:4      | Found a staircase to the Ecumenical Temple.
  2775 | D:4      | Noticed a black bear
  2776 | D:4      | 2776 ||| PLANNING TEMPLE
  2779 | D:4      | Killed a black bear
  2783 | D:4      | HP: 7/39 [gnoll/+0 spear[a gnoll bouda] (3)]
  2783 | D:4      | HP: 3/39 [gnoll/+0 whip[a gnoll bouda] (4)]
  2784 | D:4      | 2784 ||| READING 2 scrolls of teleportation.
  2784 | D:4      | Slain by a gnoll

Levels and vault maps discovered:
D:1:      onia_arrival_mini_spirals, layout_loops_ring,
          dreamdust_ecumenical_altar_angels_and_demons
D:2:      layout_basic, serial_bayou_pond_c, serial_bayou_lake_a
D:3:      layout_loops_corners, trog_wizard, overflow_temple_1_default,
          goddamned_bats
D:4:      layout_loops_corners, minmay_temple_entry_mist, minmay_quadrilaterals

Skill      XL: |  1  2  3  4  5  6 |
---------------+-------------------+-----
Axes           | 2 3 4 5 |  5.1
Throwing       | 1 |  1.5
Dodging        | 1 |  1.0
Fighting       | 4 |  4.4
Armour         | |  3.2
Shields        | |  3.2

Action                     |  1- 3 |  4- 6 || total
---------------------------+-------+-------++-------
  Melee: War axe           |    77 |   132 ||   209
  Throw: Boomerang         |       |    26 ||    26
    Use: Scroll            |     3 |     7 ||    10
         Potion            |       |     1 ||     1
 Armour: Scale mail        |    46 |   115 ||   161
         Chain mail        |       |     6 ||     6
  Dodge: Dodged            |    25 |   120 ||   145
  Block: Buckler           |     9 |    53 ||    62

Table legend:
 A = Non-vault XP
 B = Vault XP
 C = Vault XP percentage of total XP
 D = Non-vault monster count
 E = Vault monster count
 F = Vault count percentage of total count
                 A         B        C        D         E       F
            +---------+---------+-------+---------+---------+-------
      Total |     335 |     181 |  35.1 |      53 |      20 |  27.4
            +---------+---------+-------+---------+---------+-------
        D:1 |      36 |       0 |   0.0 |      14 |       0 |   0.0
        D:2 |      56 |       0 |   0.0 |      21 |       0 |   0.0
        D:3 |     115 |     181 |  61.1 |      17 |      20 |  54.1
        D:4 |     128 |       0 |   0.0 |       1 |       0 |   0.0
            +---------+---------+-------+---------+---------+-------
